 Dungeon Crawl Stone Soup version 0.27-a0-34-gc18c9092ac (webtiles) character file.

Game seed: 15058320562558385148

1 robertstho the Skirmisher (level 1, -4/20 HPs)
             Began as a Palentonga Abyssal Knight on Jan 4, 2021.
             Was an Initiate of Lugonu.
             Slain by a worm (9 damage)
             ... on level 1 of the Dungeon.
             The game lasted 00:00:46 (215 turns).

robertstho the Skirmisher (PaAK)                     Turns: 215, Time: 00:00:46

Health: -4/20      AC:  4    Str: 15    XL:     1   Next: 16%
Magic:  2/2        EV:  9    Int: 12    God:    Lugonu [......]
Gold:   0          SH:  0    Dex:  9    Spells: 0/0 levels left

rFire    . . .     SeeInvis +   a - +1 hand axe
rCold    . . .     Faith    .   (no shield)
rNeg     . . .     Spirit   .   b - +0 leather armour
rPois    .         Reflect  .   (no helmet)
rElec    .         Harm     .   (no cloak)
rCorr    .         Rampage  .   (no gloves)
Will     .....                  (no barding)
Stlth    +.........             (no amulet)
HPRegen  0.06/turn              (no ring)
MPRegen  0.08/turn              (no ring)

@: no status effects
A: large, rugged brown scales 3, see invisible, deformed body, roll 1, armoured
tail
a: Rolling Charge, Renounce Religion


You were on level 1 of the Dungeon.
You worshipped Lugonu.
Lugonu was noncommittal.
You visited 1 branch of the dungeon, and saw 1 of its levels.
You visited the Abyss 1 time.

Inventory:

Hand Weapons
 a - a +1 hand axe (weapon)
Armour
 b - a +0 leather armour (worn)
Scrolls
 c - a scroll of identify {unknown}


   Skills:
 * Level 3.1 Fighting
 + Level 2.0 Axes
 * Level 1.5 Armour
 + Level 0.7 Dodging
 * Level 2.0 Invocations


You couldn't memorise any spells.
You didn't know any spells.
Your spell library was empty.

Dungeon Overview and Level Annotations

Branches:
Dungeon (1/15)

Altars:


Innate Abilities, Weirdness & Mutations

You are completely covered in rugged brown scales. (AC +3, +7% HP)
You have supernaturally acute eyesight. (SInv)
Armour fits poorly on your strangely shaped body.
You can roll at nearby foes to attack.
You have a long armoured tail.


Message History

Found a scroll labelled PADELE DAFYMPY and 10 gold pieces.
There's nothing you can charge at!
Unknown command.
Roll where?
Press: ? - help, Dir - move target, f - worm
Aim: a worm You roll forward with a clatter of scales!
You hit the worm.
The worm is moderately wounded.
The worm closely misses you.
You hit the worm.
The worm is heavily wounded.
You hit the worm.
Your tail-slap misses the worm.
The worm is severely wounded.
The worm bites you.
* * * LOW HITPOINT WARNING * * *
Your leather armour prevents you from hitting the worm.
The worm is severely wounded.
The worm bites you!
You die...

.# .# .# #§ .#####. #≈
### ..?.... #..
####..#### ..... #.$≈
..###...####..#
#≈§w######.#.##w@.....#
#.≈.<# #≈.######...#
####.≈..# #.#.# #...#
#..w##..##.#..# #...#
#.##)#..#.##.## #...#
#..##.###.#.## #...#
#≈w#.###. #.# #...#
##.##.##.##.# .$...
#.§≈#..##..#.#


You could see a worm.

Vanquished Creatures
  A kobold (D:1)
1 creature vanquished.

Notes
Turn   | Place    | Note
-------+----------+-------------------------------------------
     0 | Abyss:1  | robertstho the Palentonga Abyssal Knight began the quest
                  | for the Orb.
     0 | Abyss:1  | Reached XP level 1. HP: 20/20 MP: 2/2
   120 | Abyss:1  | Noticed a neqoxec
   129 | D:1      | Escaped the Abyss
   215 | D:1      | Slain by a worm

Illustrated notes

Levels and vault maps discovered:
D:1:      dpeg_arrival_brainrot, layout_loops_ring, serial_glass,
          glass_columns_a, glass_columns_c

Action                   || total
-------------------------++-------
Melee: Hand axe          ||    11
       Tailslap          ||     1
Invok: Depart the Abyss  ||     1
 Abil: Rolling Charge    ||     1
Armor: Leather armour    ||     2
Dodge: Dodged            ||     2

Table legend: (Time is in decaauts)
 A = Elapsed time spent in this place.
 B = Non-inter-level travel time spent in this place.
 C = Inter-level travel time spent in this place.
 D = Time resting spent in this place.
 E = Time spent auto-exploring this place.
 F = Levels seen in this place.
 G = Mean time per level.
                   A        B        C        D        E       F      G
               +--------+--------+--------+--------+--------+-----+--------+
         Total |    216 |    216 |      0 |     26 |    131 |   2 |  108.0 |
       Dungeon |     87 |     87 |      0 |     26 |     15 |   1 |   87.0 |
         Abyss |    129 |    129 |      0 |      0 |    116 |   1 |  129.0 |
               +--------+--------+--------+--------+--------+-----+--------+

Top non-repeatable levels by time:
 Abyss:1: 129 daAuts
     D:1: 87 daAuts
